 Dungeon Crawl Stone Soup version 0.30-a0-605-gb2882149bf (webtiles) character file.

Game seed: 11647002863752666427

224 wormed the Changer (level 6, -2/39 HPs)
             Began as an Octopode Transmuter on Jan 7, 2023.
             Slain by a goblin
             ... wielding a +0 club
             ... led by Robin
              (4 damage)
             ... on level 2 of the Dungeon.
             The game lasted 00:02:32 (1461 turns).

wormed the Changer (Octopode Transmuter)            Turns: 1461, Time: 00:02:32

Health: -2/39      AC:  1    Str:  9    XL:     6   Next: 0%
Magic:  7/10       EV: 13    Int: 18    God:
Gold:   862        SH:  0    Dex: 12    Spells: 7/10 levels left

rFire   . . .      SeeInvis .      - Unarmed
rCold   . . .      Faith    .    (no shield)
rNeg    . . .      Spirit   .    (helmet currently unavailable)
rPois   .          Reflect  .    (no amulet)
rElec   .          Harm     .    (no ring)
rCorr   .          Rampage  .    (no ring)
Will    .....                    (no ring)
Stlth   ++                       (no ring)
HPRegen 0.26/turn                (no ring)
MPRegen 0.12/turn                (no ring)
                                 (no ring)
                                 (no ring)

@: appendages (expiring), wereblooded (expiring)
A: tentacle spike 3, almost no armour, amphibious, 8 rings, camouflage 1,
gelatinous body 1, (nimble swimmer 1), tentacles
a: End Transformation


You were on level 2 of the Dungeon.
One of your tentacles had grown a beastly spike.
You visited 1 branch of the dungeon, and saw 2 of its levels.

You collected 862 gold pieces.

Inventory:

Scrolls
 b - a scroll of teleportation
Potions
 f - a potion of brilliance


   Skills:
 + Level 2.2 Fighting
 + Level 2.9 Dodging
 + Level 3.5 Unarmed Combat
 + Level 2.7 Spellcasting
 * Level 3.6 Transmutations
 + Level 1.8 Ice Magic


You had 7 spell levels left.
You knew the following spells:

 Your Spells              Type           Power      Damage    Failure   Level
a - Beastly Appendage     Tmut           30%        N/A       3%          1
b - Wereblood             Tmut           15%        N/A       6%          2

Your spell library contained the following spells:

 Spells                   Type           Power      Damage    Failure   Level
 Sting                    Tmut/Pois      32%        1d4       9%          1
 Spider Form              Tmut/Pois      8%         N/A       24%         3
 Poisonous Vapours        Pois/Air       4%         N/A       26%         2
 Ice Form                 Ice/Tmut       12%        N/A       50%         4
 Olgreb's Toxic Radiance  Pois           2%         N/A       86%         4


Dungeon Overview and Level Annotations

Branches:
Dungeon (2/15)

Altars:


Innate Abilities, Weirdness & Mutations

One of your tentacles has grown a beastly spike.
You cannot wear most types of armour.
You are amphibious.
You can wear up to eight rings at the same time.
Your skin changes colour to match your surroundings (Stealth+).
Your rubbery body absorbs attacks. (AC +1, EV +1)
((You are camouflaged when in or above water. (Stealth+)))
You have tentacles for arms and can constrict up to eight enemies at once.


Message History

The hobgoblin is almost dead.
Your transformation is almost over.
Your primal bloodlust is almost over.
You constrict the hobgoblin.
You feel a bit better.
You kill the hobgoblin!
The goblin closely misses you. The hobgoblin hits you.
The goblin barely misses you. The goblin misses you.
You feel better.
A goblin comes into view. It is wielding a +0 dagger.
The goblin barely misses you.
The hobgoblin hits you but does no damage.
The goblin hits you with a +1 dagger of speed.
You closely miss the hobgoblin. You grab the hobgoblin.
The hobgoblin is lightly wounded.
You constrict the hobgoblin, but do no damage.
The goblin closely misses you.
The hobgoblin escapes!
The goblin closely misses you.
You tentacle-slap the hobgoblin. You grab the hobgoblin.
You pierce the hobgoblin, but do no damage.
You tentacle-slap the hobgoblin.
You feel a bit better.
You kill the hobgoblin!
You howl as the wereblood boils in your veins!
The goblin no longer looks unusually strong.
The goblin barely misses you. The goblin hits you with a +0 club.
* * * LOW HITPOINT WARNING * * *
The goblin barely misses you.
You tentacle-slap the goblin.
You feel a bit better.
You kill the goblin!
The goblin hits you with a +0 club!
* * * LOW HITPOINT WARNING * * *
The goblin hits you with a +0 dagger.
* * * LOW HITPOINT WARNING * * *
The goblin hits you with a +1 dagger of speed.
* * * LOW HITPOINT WARNING * * *
You have reached level 6!
As you read the scroll labelled LOIMEA CUACKIO, it crumbles to dust.
It is a scroll of amnesia.
Okay, then.
The goblin no longer looks unusually strong.
The goblin hits you with a +0 club.
You die...

#.# ##...## #.# #.###
##.....## ####.## #.#.##
##.......## ##.>....
#....####.........# #...#.#.
#.†.....'.........+..........
##...####(......<.####...##..
##..# ##.......# ##......
##.# ##..)..## #####.# #.#
##@gg## #.# #.# #.ggg...# ..#
#.# #.##.##.# #.# #.# #. g#
.# #. # .# # g. .. ..#


You could see a hobgoblin (strong) and 6 goblins.

Vanquished Creatures
  Sigmund (D:2)
  Robin (D:2)
  A gnoll (D:1)
  3 dart slugs
  4 ball pythons
  2 endoplasms
  6 goblins (D:2)
  6 hobgoblins
  2 quokkas
  5 bats
  4 frilled lizards
  2 kobolds
  3 rats
40 creatures vanquished.

Notes
Turn   | Place    | Note
-------+----------+-------------------------------------------
     0 | D:1      | wormed the Octopode Transmuter began the quest for the Orb.
     0 | D:1      | Reached XP level 1. HP: 13/13 MP: 3/3
    66 | D:1      | Reached XP level 2. HP: 3/18 MP: 3/5
   401 | D:1      | Learned a level 2 spell: Wereblood
   497 | D:1      | Reached XP level 3. HP: 22/23 MP: 3/6
   905 | D:1      | Identified a scroll of acquirement
   905 | D:1      | Acquired 811 gold pieces
  1121 | D:2      | Noticed Sigmund
  1127 | D:2      | Killed Sigmund
  1128 | D:2      | Reached skill level 1 in Ice Magic
  1128 | D:2      | Reached XP level 4. HP: 29/29 MP: 4/7
  1128 | D:2      | Reached XP level 5. HP: 34/34 MP: 4/8
  1445 | D:2      | Noticed Robin
  1455 | D:2      | Killed Robin
  1460 | D:2      | HP: 1/34 [goblin/+1 dagger of speed[Robin] (3)]
  1461 | D:2      | Reached XP level 6. HP: 1/39 MP: 7/10
  1461 | D:2      | Slain by a goblin

Illustrated notes

Levels and vault maps discovered:
D:1:      tarquinn_simple_flora_water_b, layout_loops_ring
D:2:      layout_loops_corners, basic_ecumenical_altar,
          corexii_leaking_fountain, uniq_robin, uniq_sigmund

Skill      XL: |  1  2  3 |
---------------+----------+-----
Fighting       | 2 |  2.2
Transmutations | 3 |  3.6
Ice Magic      | 1 |  1.8
Dodging        | |  2.9
Unarmed Combat | |  3.5
Spellcasting   | |  2.7

Action                   |  1- 3 |  4- 6 || total
-------------------------+-------+-------++-------
Melee: Unarmed           |    44 |    32 ||    76
       Kick              |    13 |     9 ||    22
       Constrict         |    11 |     9 ||    20
       Tentacles         |     4 |     4 ||     8
       Punch             |     1 |     1 ||     2
 Cast: Beastly Appendage |    15 |     6 ||    21
       Wereblood         |     8 |     6 ||    14
  Use: Scroll            |     6 |     1 ||     7
       Potion            |     1 |     1 ||     2
 Stab: Sleeping          |     6 |       ||     6
Armor: Skin              |     7 |    11 ||    18
Dodge: Dodged            |    22 |    31 ||    53

Table legend: (Time is in decaauts)
 A = Elapsed time spent in this place.
 B = Non-inter-level travel time spent in this place.
 C = Inter-level travel time spent in this place.
 D = Time resting spent in this place.
 E = Time spent auto-exploring this place.
 F = Levels seen in this place.
 G = Mean time per level.
                   A        B        C        D        E       F      G
               +--------+--------+--------+--------+--------+-----+--------+
         Total |   1456 |   1412 |     44 |      0 |   1161 |   2 |  728.0 |
       Dungeon |   1456 |   1412 |     44 |      0 |   1161 |   2 |  728.0 |
               +--------+--------+--------+--------+--------+-----+--------+

Top non-repeatable levels by time:
     D:1: 1015 daAuts
     D:2: 441 daAuts
